AoeStats
← Skooll

Arabia

509135234Analyzed
3v3 RM · 5d ago on Sep 25, 2026· 29m 3s· 6 players
Game mode
Random Map
Map size
Normal (6 player)
Population
200
Speed
Normal
Resources
Standard
Victory
Conquest
Starting age
Dark Age
Ending age
Imperial Age
RankedLock teamsTeams togetherTeam positionsShared explorationLock speedFull tech treeHidden civsTurbo modeCheats
Victory
Defeat
🇷🇺 Mongols · Russia
1248
+11
🇪🇬 Britons · Egypt
1227
+12
🇪🇬 Franks · Egypt
1064
+20
🇫🇷 Maya · France
1282
-19
🇫🇷 Saracens · France
1196
-17
🇫🇷 Georgians · France
937
-7
Skooll
6:41 Loom
8:45 Feudal Age
12:28 Gold Mining
12:26 Double-Bit Axe
17:42 Scale Barding Armor
19:05 Forging
20:46 Bloodlines
22:59 Castle Age
20:54 Horse Collar
23:13 Wheelbarrow
23:20 Gold Mining
28:19 Chain Barding Armor
the-couille-gauche
5:15 Loom
10:32 Feudal Age
17:11 Fletching
19:12 Padded Archer Armor
21:18 Double-Bit Axe
22:47 Horse Collar
27:07 Castle Age
27:14 Crossbowman
27:51 Bodkin Arrow
TP83C6
0:48 Loom
9:44 Feudal Age
10:15 Double-Bit Axe
11:16 Gold Mining
14:04 Fletching
16:55 Padded Archer Armor
18:52 Horse Collar
25:37 Castle Age
24:38 Wheelbarrow
25:48 Crossbowman
26:35 Thumb Ring
26:27 Bodkin Arrow
27:26 Leather Archer Armor
27:25 Elite Skirmisher
Watermelon
6:07 Loom
7:07 Loom
9:09 Feudal Age
9:48 Double-Bit Axe
12:52 Fletching
16:39 Wheelbarrow
16:55 Padded Archer Armor
17:25 Horse Collar
24:03 Castle Age
23:26 Bloodlines
24:04 Gold Mining
25:10 Husbandry
25:49 Thumb Ring
25:49 Bodkin Arrow
26:11 Leather Archer Armor
27:05 Ballistics
Azab
6:48 Loom
9:22 Feudal Age
7:40 Loom
13:38 Double-Bit Axe
14:53 Fletching
15:26 Horse Collar
22:12 Castle Age
20:47 Padded Archer Armor
21:40 Gold Mining
22:30 Crossbowman
23:06 Bodkin Arrow
29:36 Ballistics
Abdelrhman
6:19 Loom
9:28 Feudal Age
10:45 Double-Bit Axe
15:25 Forging
22:08 Castle Age
20:48 Scale Barding Armor
23:16 Chain Barding Armor
23:09 Bow Saw
27:11 Iron Casting
Connection lost

Rejoining the realm…

Still unreachable

The connection could not be restored.

Session expired

The server has moved on; the page needs a fresh start.